[Event "World Junior U20 Girls 2018"]
[Site "Gebze"]
[Date "2018.09.10"]
[Round "6"]
[White "Chu, Ruotong"]
[Black "Gorti, Akshita"]
[Result "0-1"]
[ECO "E32"]
[WhiteElo "2199"]
[BlackElo "2315"]
[Annotator "NA"]
[PlyCount "60"]
[EventDate "2018.09.05"]
[EventType "swiss"]
[EventCountry "TUR"]
[SourceTitle "playchess.com"]
[Source "ChessBase"]
[SourceQuality "1"]
[TimeControl "40/5400+30:1800+30"]

1. d4 e6 2. c4 Nf6 3. Nc3 Bb4 4. Qc2 b6 5. e4 c5 6. e5 {[%emt 0:17:00] E32: Nimzo-Indian: Classical (4 Qc2): 4...0-0} (6. d5 exd5 7. exd5 Qe7+ 8. Nge2 O-O 9. Bd2 d6 10. O-O-O Ng4 11. Be1 Nd7 12. Ng3 Ndf6 13. h3 Ne5 {1-0 (35) Zhou,J (2597)-Wei,Y (2743) Shenzhen 2017}) 6... cxd4 7. a3 Bxc3+ 8. bxc3 Ng8 9. cxd4 {[%emt 0:06:30] LiveBook: 19 Games} Bb7 10. Nf3 Bxf3 11. gxf3 Nc6 12. Bb2 Nge7 13. f4 $146 ({Predecessor:} 13. Bd3 Rc8 {½-½ (27) Torma,R (2499)-Kozak,A (2361) Budapest 2017}) 13... Rc8 14. Rg1 Ng6 15. f5 Nh4 16. Qd3 $17 Nxf5 17. Bh3 Nce7 18. d5 O-O 19. a4 Ng6 20. Qc3 Re8 21. Kf1 Qh4 22. Bxf5 Rxc4 23. Qh3 exf5 24. Qxh4 Rxh4 25. a5 Rb4 26. Bc3 Rb3 27. Rg3 f4 28. Rh3 Rc8 29. axb6 axb6 30. d6 Rbxc3 0-1

[Event "World Junior U20 Girls 2018"]
[Site "Gebze"]
[Date "2018.09.10"]
[Round "6"]
[White "Schneider, Jana"]
[Black "Potapova, Margarita"]
[Result "0-1"]
[ECO "B51"]
[WhiteElo "2190"]
[BlackElo "2277"]
[Annotator "ChessBase"]
[PlyCount "136"]
[EventDate "2018.09.05"]
[EventType "swiss"]
[EventCountry "TUR"]
[SourceTitle "playchess.com"]
[Source "ChessBase"]
[SourceQuality "1"]
[TimeControl "40/5400+30:1800+30"]

1. e4 c5 2. Nf3 d6 3. Bb5+ Nd7 4. O-O Ngf6 5. Re1 a6 6. Bd3 b5 7. c4 g5 8. Nxg5 Ne5 9. Bf1 bxc4 10. d4 cxd3 11. f4 Bg4 12. Qd2 Nc6 13. Qxd3 h6 14. Nf3 Nb4 15. Qd1 Bxf3 16. gxf3 Bg7 17. Nc3 O-O 18. Be3 Nc6 19. Kh1 Nd7 20. Bd3 e6 21. Rg1 Kh8 22. Qd2 Nd4 23. Rg3 Rg8 24. f5 Qh4 25. Bf1 Qf6 26. Rh3 Kh7 27. Bd3 Ne5 28. Rf1 Bf8 29. b3 a5 30. Bb1 Ndc6 31. Ne2 a4 32. Ng3 axb3 33. axb3 Ra1 34. Nh5 Qd8 35. f6 Rg6 36. f4 Ng4 37. Qe2 Qa8 38. Qf3 Nxe3 39. Qxe3 Nd4 40. Rg3 Nf5 41. Qf3 Nxg3+ 42. hxg3 Kh8 43. g4 Qb7 44. Kh2 c4 45. Qc3 Ra3 46. Qxc4 Rxb3 47. Bc2 Rb2 48. Kh3 Rg8 49. Ng3 Qb5 50. Qxb5 Rxb5 51. Ba4 Rb7 52. Be8 Kh7 53. Nh5 d5 54. exd5 exd5 55. Rd1 Rb3+ 56. Ng3 Bd6 57. Bxf7 Bxf4 58. Bxg8+ Kxg8 59. Rg1 Kf7 60. Kh4 Bxg3+ 61. Rxg3 Rxg3 62. Kxg3 Kxf6 63. Kf4 Ke6 64. Kf3 Ke5 65. Ke3 d4+ 66. Kf3 Kd5 67. Kf4 Kc4 68. Kf5 d3 0-1

[Event "World Junior U20 Girls 2018"]
[Site "Gebze"]
[Date "2018.09.10"]
[Round "6"]
[White "Pychova, Nela"]
[Black "Hu, Yu A"]
[Result "1-0"]
[ECO "C00"]
[WhiteElo "2173"]
[BlackElo "2009"]
[Annotator "ChessBase"]
[PlyCount "125"]
[EventDate "2018.09.05"]
[EventType "swiss"]
[EventCountry "TUR"]
[SourceTitle "playchess.com"]
[Source "ChessBase"]
[SourceQuality "1"]
[TimeControl "40/5400+30:1800+30"]

1. Nf3 Nf6 2. g3 e6 3. Bg2 d5 4. O-O Be7 5. d3 O-O 6. Nbd2 c5 7. e4 Nc6 8. Re1 b5 9. e5 Nd7 10. Nf1 Bb7 11. h4 a5 12. N1h2 b4 13. Qd2 Qc7 14. Qf4 a4 15. h5 Ba6 16. Bf1 Bb7 17. Ng4 Rae8 18. c3 f6 19. exf6 Qxf4 20. Bxf4 Nxf6 21. Nxf6+ Bxf6 22. Ne5 Nxe5 23. Bxe5 Bxe5 24. Rxe5 Rf5 25. Rxf5 exf5 26. d4 Rc8 27. cxb4 cxb4 28. Bd3 g6 29. hxg6 hxg6 30. Kg2 Kg7 31. Re1 Kf6 32. Kf1 a3 33. bxa3 Rc3 34. Bb5 bxa3 35. Re3 Rxe3 36. fxe3 Kg5 37. Be2 Bc6 38. Ke1 Ba4 39. Kd2 Bb3 40. Kc3 Bxa2 41. Kb4 Bb1 42. Kxa3 Be4 43. Kb4 Kf6 44. Kc5 Ke6 45. Ba6 Kd7 46. Bb7 Ke6 47. Bc6 Bf3 48. Be8 Bh5 49. Ba4 Be2 50. Kc6 Bg4 51. Kc7 Ke7 52. Bd7 Bf3 53. Bc8 Bh5 54. Kc6 Bf3 55. Kc5 Be4 56. Ba6 Bf3 57. Bb7 Ke6 58. Bc6 Be4 59. Be8 g5 60. Bc6 Bf3 61. Bb7 Be4 62. Bc8+ Ke7 63. Kc6 1-0

[Event "World Junior U20 Girls 2018"]
[Site "Gebze"]
[Date "2018.09.10"]
[Round "6"]
[White "Varshini, V."]
[Black "Gomez Barrera, Javiera Belen"]
[Result "1-0"]
[ECO "C77"]
[WhiteElo "2173"]
[BlackElo "2035"]
[Annotator "NA"]
[PlyCount "77"]
[EventDate "2018.09.05"]
[EventType "swiss"]
[EventCountry "TUR"]
[SourceTitle "playchess.com"]
[Source "ChessBase"]
[SourceQuality "1"]
[TimeControl "40/5400+30:1800+30"]

1. e4 e5 2. Nf3 Nc6 3. Bb5 a6 4. Ba4 Nf6 5. Qe2 {[%emt 0:00:30] LiveBook: 1725 Games} Bd6 6. c3 O-O 7. O-O Re8 8. d3 h6 {[%emt 0:01:00] C77: Ruy Lopez: 3...a6 4 Ba4 Nf6, unusual lines} 9. Rd1 Bf8 10. Nbd2 b5 11. Bc2 d5 12. Nf1 d4 13. Ng3 $146 ({Predecessor:} 13. h3 Bc5 14. Ng3 Qd6 15. Nh4 Ne7 16. Qf3 {0-1 (29) Matikozian,A (2494)-Gareyev,T (2599) Las Vegas 2010}) 13... a5 14. a4 b4 15. cxb4 axb4 16. Nd2 Na5 17. Rf1 Be6 18. Qd1 Nd7 19. Bb3 Nc5 20. Bxe6 Rxe6 21. Nc4 $17 Nab3 22. Rb1 Nxc1 23. Rxc1 Nxa4 24. f4 exf4 25. Rxf4 Be7 26. Rg4 Bg5 27. Nf5 g6 28. h4 Bxc1 29. Qxc1 Qf8 30. Nxh6+ Kh7 31. Qf4 f6 32. h5 Qxh6 33. hxg6+ Qxg6 34. Rxg6 Kxg6 35. Qf5+ Kf7 36. Qh7+ Ke8 37. Qg8+ Kd7 38. Qxa8 Nc5 39. Qd5+ 1-0

[Event "World Junior U20 Girls 2018"]
[Site "Gebze"]
[Date "2018.09.10"]
[Round "6"]
[White "Du, Yuxin"]
[Black "Stanciu, Ioana-Georgiana"]
[Result "1/2-1/2"]
[ECO "B31"]
[WhiteElo "2146"]
[BlackElo "2000"]
[Annotator "NA"]
[PlyCount "112"]
[EventDate "2018.09.05"]
[EventType "swiss"]
[EventCountry "TUR"]
[SourceTitle "playchess.com"]
[Source "ChessBase"]
[SourceQuality "1"]
[TimeControl "40/5400+30:1800+30"]

1. e4 c5 2. Nf3 Nc6 3. Bb5 g6 4. Bxc6 dxc6 5. O-O Bg7 6. h3 e5 7. d3 Qd6 {[%emt 0:00:30] B31: Sicilian: 2...Nc6 3 Bb5 g6} (7... Qe7 8. Nbd2 Be6 9. a3 g5 10. Nc4 O-O-O 11. Bxg5 f6 12. Bd2 Nh6 13. b3 Rhg8 14. Kh1 Bf8 15. Bxh6 Bxh6 {½-½ (57) Howell,D (2655)-Lupulescu,C (2609) Novi Sad 2016}) 8. Nbd2 Be6 9. Ng5 $146 ({Predecessor:} 9. b3 Nf6 10. Bb2 Nh5 11. Nc4 Bxc4 12. bxc4 O-O 13. a4 b6 14. Re1 {½-½ (14) Sevostianov,P (2305)-Grekh,A (2373) Horodok 2013}) 9... Nf6 10. Qe2 O-O 11. Nxe6 Qxe6 12. Nc4 Nh5 13. Qg4 Qe7 14. Bg5 Qc7 15. g3 Rae8 16. Be3 b6 17. Qd1 Qe7 18. Kh2 Nf6 19. f4 exf4 20. Bxf4 Rd8 21. Qf3 h6 22. Be5 Ng4+ 23. hxg4 Bxe5 24. Nxe5 Qxe5 25. Qf6 Qxf6 26. Rxf6 c4 27. Rd1 c5 28. b3 cxd3 29. Rxd3 Rxd3 30. cxd3 Rd8 31. Rf3 Kf8 32. Kg2 Ke7 33. Kf2 Rd6 34. Ke2 Rf6 35. Re3 Re6 36. Kd2 Rf6 37. Ke2 Re6 38. Kd2 Re5 39. Rf3 Rg5 40. Rf4 h5 41. gxh5 Rxh5 42. Kc3 Rh2 43. a3 Ra2 44. a4 Ke6 45. Rf3 Re2 46. b4 cxb4+ 47. Kxb4 Rb2+ 48. Kc3 Rb1 49. d4 Ra1 50. Kb3 $11 Re1 51. e5 Rb1+ 52. Kc4 Rc1+ 53. Kb5 Rc7 54. Rf6+ Kd5 55. Rd6+ Ke4 56. e6 fxe6 1/2-1/2

[Event "World Junior U20 Girls 2018"]
[Site "Gebze"]
[Date "2018.09.10"]
[Round "6"]
[White "Ivana Maria, Furtado"]
[Black "Nomin-Erdene, Davaademberel"]
[Result "1/2-1/2"]
[ECO "C22"]
[WhiteElo "2144"]
[BlackElo "2377"]
[Annotator "NA"]
[PlyCount "60"]
[EventDate "2018.09.05"]
[EventType "swiss"]
[EventCountry "TUR"]
[SourceTitle "playchess.com"]
[Source "ChessBase"]
[SourceQuality "1"]
[TimeControl "40/5400+30:1800+30"]

1. e4 e5 2. d4 exd4 3. Qxd4 Nc6 4. Qe3 Nf6 5. Bd2 g6 6. Nc3 Bg7 7. O-O-O {[%emt 0:11:30] C22: Centre Game} O-O 8. Qg5 (8. Qe1 Re8 9. f3 d6 10. Kb1 a6 11. Nge2 b5 12. Nf4 Ne5 13. h4 c6 14. h5 b4 {1-0 (38) Nepomniachtchi,I (2751)-Karjakin,S (2783) chess.com INT 2017}) 8... h6 $146 ({Predecessor:} 8... Re8 9. f3 h6 10. Qh4 d6 11. Nh3 Be6 12. Nf4 Bd7 13. Nfd5 g5 14. Qg3 a5 {0-1 (43) Stjazhkina,O (2243)-Kovanova,B (2371) Belgrade 2013}) 9. Qh4 g5 10. Qg3 d6 11. Be2 Nd4 12. f4 g4 13. f5 Nxe2+ 14. Ngxe2 Qe8 15. Qf4 Qe5 16. Qxe5 dxe5 17. h3 g3 18. Nxg3 Bd7 19. Be3 Bc6 20. Rd3 Rfe8 21. Kd2 Bf8 22. a3 Kh7 23. Ke2 b5 24. b4 a5 25. Rb1 axb4 26. axb4 Ra6 27. Kf3 Rea8 28. Nce2 Ra4 29. Bd2 Be7 30. Rbb3 $11 R4a6 1/2-1/2

[Event "World Junior U20 Girls 2018"]
[Site "Gebze"]
[Date "2018.09.10"]
[Round "6"]
[White "Wafa, Shahenda"]
[Black "Nastase, Andreea-Cristina"]
[Result "1-0"]
[ECO "B96"]
[WhiteElo "2129"]
[BlackElo "1983"]
[Annotator "NA"]
[PlyCount "103"]
[EventDate "2018.09.05"]
[EventType "swiss"]
[EventCountry "TUR"]
[SourceTitle "playchess.com"]
[Source "ChessBase"]
[SourceQuality "1"]
[TimeControl "40/5400+30:1800+30"]

1. e4 c5 2. Nf3 d6 3. d4 cxd4 4. Nxd4 Nf6 5. Nc3 a6 6. Bg5 e6 7. f4 Nbd7 8. Qf3 Qc7 9. g4 {[%emt 0:00:00] B96: Sicilian Najdorf: 6 Bg5 e6 7 f4, lines other than 7...Qb6 and 7...Be7} (9. O-O-O b5 10. e5 Bb7 11. Qh3 dxe5 12. Nxe6 fxe6 13. Qxe6+ Be7 14. Bxb5 axb5 15. Nxb5 Qc6 16. Nd6+ Kd8 17. fxe5 Kc7 18. Qxe7 Rxa2 19. exf6 Ra1+ 20. Kd2 Qd5+ 21. Kc3 Qa5+ 22. Kd3 Qd5+ 23. Kc3 Qa5+ 24. Kd3 {½-½ (24) Kulaots,K (2573)-Korobov,A (2652) Tegernsee 2017}) 9... b5 10. Bxf6 gxf6 11. a3 Rb8 12. Nb3 $146 {[%emt 0:08:30] [#]} ({Predecessor:} 12. Be2 b4 13. axb4 Rxb4 14. Nb3 Nc5 15. Nxc5 Qxc5 16. O-O-O Bb7 17. Rhg1 {½-½ (39) Schmelz,T (2411)-Bernardino,Z (2366) ICCF email 2000}) 12... Nb6 (12... h5 $1 $17 ) 13. Nd4 Nd7 14. Nb3 Nb6 15. f5 e5 (15... Na4 $15 {keeps the upper hand.} 16. O-O-O Nxc3 17. bxc3 d5 18. exd5 Bxa3+ 19. Kb1 O-O) 16. h4 Bb7 17. O-O-O Rc8 18. Rh2 Be7 19. g5 fxg5 {[%emt 0:00:00] [#]} 20. f6 $1 g4 21. Qxg4 Bxf6 22. Bxb5+ Ke7 23. Bd3 Qd7 24. Qh5 Rcg8 25. Qe2 Na4 $18 (25... Qg4 $16) 26. Nxa4 Qxa4 27. Rf1 h5 28. Rhf2 Rg6 29. Rf5 Bc8 30. R5f2 Bg4 31. Qe3 Be6 32. Rxf6 Rxf6 33. Rxf6 Bxb3 34. Qg5 Rc8 35. Rf2+ Kd7 36. Qxh5 Be6 37. Qe2 Rg8 38. Rf1 Qd4 39. Bxa6 Rg1 40. Bd3 Bg4 41. Qe1 Rxf1 42. Qxf1 Qe3+ 43. Kb1 Be6 44. Qh1 Qh6 45. a4 Kc7 46. Qe1 Qf4 47. a5 d5 48. a6 dxe4 49. Bxe4 Kb6 50. Bd3 f6 51. Qg1+ Kc7 52. Qc5+ 1-0

[Event "World Junior U20 Girls 2018"]
[Site "Gebze"]
[Date "2018.09.10"]
[Round "6"]
[White "Serikbay, Assel"]
[Black "Kyrkjebo, Hanna B"]
[Result "1/2-1/2"]
[ECO "E06"]
[WhiteElo "2125"]
[BlackElo "1947"]
[Annotator "NA"]
[PlyCount "128"]
[EventDate "2018.09.05"]
[EventType "swiss"]
[EventCountry "TUR"]
[SourceTitle "playchess.com"]
[Source "ChessBase"]
[SourceQuality "1"]
[TimeControl "40/5400+30:1800+30"]

1. d4 Nf6 2. c4 e6 3. g3 d5 4. Nf3 c6 5. Bg2 Be7 6. O-O O-O 7. Qc2 b6 8. Nbd2 Ba6 {[%emt 0:03:30] LiveBook: 71 Games E06: Closed Catalan: Early deviations} (8... Bb7 9. b3 a5 10. Bb2 Na6 11. Rfd1 Rc8 12. Rac1 h6 13. Qb1 Rc7 14. Ne5 Nd7 15. Ndf3 Nxe5 16. Nxe5 Bd6 17. e4 {½-½ (45) Yu,Y (2751)-Sargissian,G (2672) Riadh 2017}) 9. Ne5 Nfd7 10. Nd3 Nf6 11. Rd1 Nbd7 12. e4 Rc8 13. e5 Ne8 {[%emt 0:05:30] [#]} 14. b4 $146 ({Predecessor:} 14. Nf4 Nc7 15. b3 c5 16. dxc5 Bxc5 {1-0 (36) Brunello,S (2533)-Tristan,L (2412) Puerto Madryn 2009}) 14... Nc7 15. c5 bxc5 16. bxc5 Rb8 17. Nb3 Qc8 18. Na5 Bb7 (18... Ne8 $142) 19. Bf1 Ne8 20. Nb4 Bd8 21. Nxb7 Qxb7 22. Na6 Rc8 23. Rb1 Qa8 24. Qb3 $18 Nc7 25. Qb7 Qxb7 26. Rxb7 Nxa6 27. Bxa6 Rc7 28. Rb3 Be7 29. Bd2 Nb8 30. Bb7 f6 31. Ba5 Rd7 32. Rdb1 fxe5 33. Ba8 Bd8 34. Bd2 Bc7 35. dxe5 Bxe5 36. Re3 Bd4 37. Rxe6 Bxf2+ 38. Kh1 Bxc5 39. Bf4 Bb6 40. Bxb8 Rxb8 41. Bxc6 Rdd8 42. Rbe1 Rbc8 43. Re8+ Rxe8 44. Rxe8+ Rxe8 45. Bxe8 Kf8 46. Bc6 d4 47. Be4 h6 48. Kg2 Ke7 49. Kf3 Kf6 50. Bd3 Ke5 51. Bc4 Bd8 52. Bb3 Bg5 53. Bc4 Be3 54. a4 a5 55. g4 Kf6 56. h4 g6 57. Bd3 g5 58. hxg5+ hxg5 59. Ke4 Ke6 60. Bc4+ Kd6 61. Bb5 Kc5 62. Kd3 Kb4 63. Bd7 Kc5 64. Bb5 Kd5 1/2-1/2

[Event "World Junior U20 Girls 2018"]
[Site "Gebze"]
[Date "2018.09.10"]
[Round "6"]
[White "Ozbay, Ece"]
[Black "Hojjatova, Aydan"]
[Result "0-1"]
[ECO "C08"]
[WhiteElo "2114"]
[BlackElo "2356"]
[Annotator "NA"]
[PlyCount "122"]
[EventDate "2018.09.05"]
[EventType "swiss"]
[EventCountry "TUR"]
[SourceTitle "playchess.com"]
[Source "ChessBase"]
[SourceQuality "1"]
[TimeControl "40/5400+30:1800+30"]

1. e4 e6 2. d4 d5 3. Nd2 c5 4. exd5 exd5 5. Ngf3 a6 6. dxc5 Bxc5 7. Nb3 Bb6 8. Be2 {[%emt 0:02:30] C08: French Tarrasch: 3...c5 4 exd5 exd5 sidelines} (8. Bd3 Qe7+ 9. Be2 Nf6 10. O-O O-O 11. Bg5 h6 12. Bh4 Nc6 13. c3 g5 14. Bg3 Ne4 15. Re1 Qf6 16. Qxd5 Nxg3 17. hxg3 {½-½ (41) Fedorchuk,S (2641)-Gurevich,M (2565) Paris 2017}) 8... Nf6 9. O-O h6 10. c3 O-O 11. Nbd4 Nc6 12. Be3 Bc7 $146 ({Predecessor:} 12... Re8 13. h3 Bd7 14. Re1 Rc8 15. Bd3 Na5 16. Nf5 {½-½ (16) Scholze,R (2035)-Kahn,M (2166) Dresden 2005}) 13. Qc1 Re8 14. Bd3 Ne4 15. Bf4 Bb6 16. Re1 $1 Qf6 17. Be3 Bc7 18. c4 Ne5 19. Qc2 $15 Ba5 20. Nxe5 Bxe1 21. Ndf3 Bb4 22. Bd4 Qe7 23. cxd5 Nf6 24. a3 Bd6 25. Re1 Qc7 26. Qb3 b5 27. a4 bxa4 28. Qxa4 Bb7 29. Bc4 Bxd5 30. Bxd5 Nxd5 31. Qb3 Nf4 32. g3 Ne6 33. Bc3 Rab8 34. Qa4 Qb7 35. Rd1 Bxe5 36. Nxe5 Ng5 37. Rd7 Qb6 38. Qg4 Qe6 39. Qxe6 Rxe6 40. f4 Ne4 41. Bd4 Rd6 42. Rxd6 Nxd6 43. Nc6 Rb3 44. Bc3 Nc4 45. Nd4 Rb7 46. b4 Nd6 47. Be1 Ne4 48. Kf1 Rd7 49. Nb3 Rd3 50. Na5 f6 51. Ke2 Ra3 52. Nc4 Ra1 53. h4 Kf7 54. Ne3 Ke6 55. Nc4 Rc1 56. Ne3 f5 57. h5 Nf6 58. Bd2 Rc8 59. Kf3 Nxh5 60. Be1 Nf6 61. Ke2 g5 0-1

[Event "World Junior U20 Girls 2018"]
[Site "Gebze"]
[Date "2018.09.10"]
[Round "6"]
[White "Dwilewicz, Katarzyna"]
[Black "Altantuya, Boldbaatar"]
[Result "0-1"]
[ECO "B85"]
[WhiteElo "2081"]
[BlackElo "2210"]
[Annotator "NA"]
[PlyCount "78"]
[EventDate "2018.09.05"]
[EventType "swiss"]
[EventCountry "TUR"]
[SourceTitle "playchess.com"]
[Source "ChessBase"]
[SourceQuality "1"]
[TimeControl "40/5400+30:1800+30"]

1. e4 c5 2. Nf3 e6 3. d4 cxd4 4. Nxd4 Nf6 5. Nc3 d6 6. Be2 a6 7. f4 Nc6 8. Be3 Be7 9. O-O Qc7 10. Qe1 O-O 11. Qg3 Kh8 12. Kh1 Bd7 13. Rae1 b5 14. a3 Rab8 {[%emt 0:06:30] LiveBook: 14 Games} 15. Nxc6 {[%emt 0:14:30] B85: Sicilian Scheveningen: 6 Be2 a6, lines with early Be3} (15. e5 dxe5 16. Nxc6 Bxc6 17. fxe5 Ne4 18. Nxe4 Bxe4 19. c3 Rbd8 20. Bh5 Bf5 21. Qf2 Rc8 22. Bb6 Bc5 23. Bxc7 Bxf2 24. Rxf2 Rxc7 {0-1 (73) Forcen Esteban,D (2539)-Cori Tello,J (2549) Sitges 2015}) 15... Bxc6 16. Bd3 b4 17. axb4 Rxb4 18. Bc1 a5 $146 ({Predecessor:} 18... Qb7 19. Qf3 g6 20. b3 d5 21. exd5 Nxd5 22. Nxd5 Bxd5 {1-0 (63) Bellia,F (2392)-Lava,G (2232) Bratto 2006}) 19. b3 $1 Ba8 20. Bd2 Rbb8 21. Qh3 d5 22. exd5 exd5 $16 23. Nb5 Qd8 24. Re5 g6 25. Bc3 Kg8 26. Bd4 Ne4 27. Rxe7 Qxe7 28. f5 f6 29. Qg4 Qg7 30. fxg6 hxg6 31. c4 dxc4 32. bxc4 Rbe8 33. c5 Bc6 34. Qh4 Qh7 35. Bc4+ Kh8 36. Rxf6 Qxh4 37. Rxf8+ Kh7 38. Bg8+ Kh6 39. Be3+ Ng5 0-1

[Event "World Junior U20 Girls 2018"]
[Site "Gebze"]
[Date "2018.09.10"]
[Round "6"]
[White "Nurgali, Nazerke"]
[Black "Georgescu, Lena"]
[Result "1-0"]
[ECO "E11"]
[WhiteElo "2080"]
[BlackElo "2195"]
[Annotator "NA"]
[PlyCount "77"]
[EventDate "2018.09.05"]
[EventType "swiss"]
[EventCountry "TUR"]
[SourceTitle "playchess.com"]
[Source "ChessBase"]
[SourceQuality "1"]
[TimeControl "40/5400+30:1800+30"]

1. d4 Nf6 2. c4 e6 3. g3 d5 4. Nf3 Bb4+ 5. Bd2 Be7 6. Bg2 O-O 7. O-O c6 8. Qc2 b6 9. Nc3 {[%emt 0:04:30] E11: Bogo-Indian} (9. Rd1 Ba6 10. b3 Nbd7 11. Bf4 Rc8 12. Nc3 Nh5 13. Bc1 f5 14. e3 Bd6 15. a4 Nhf6 16. Ne2 c5 17. Nf4 Qe7 18. cxd5 cxd4 19. Qb2 dxe3 20. Nxe6 exf2+ 21. Qxf2 {0-1 (35) Sarana,A (2613)-Jakovenko,D (2748) Satka 2018}) 9... Ba6 10. cxd5 cxd5 11. Rfd1 $146 ({Predecessor:} 11. Rac1 Nbd7 12. Bf4 b5 13. a4 b4 14. Nb5 Qa5 15. Ne5 Nxe5 16. dxe5 {½-½ (52) Hess,R (2639)-Mitkov,N (2527) Philadelphia 2012}) 11... Nc6 12. Bf4 Bb7 13. Rac1 Rc8 14. Ne5 Nh5 15. Be3 a6 16. Bf3 Nf6 17. Bf4 b5 18. Qd3 Qa5 19. a3 Nxe5 20. dxe5 $11 Nd7 21. b4 Qd8 22. h4 Rc4 23. e4 Nb6 24. exd5 exd5 25. Nxd5 Bxd5 26. Bxd5 Rxc1 27. Bxc1 Qxd5 28. Qxd5 Nxd5 29. Rxd5 Rc8 30. Be3 Kf8 31. Rd7 Ra8 32. Rb7 Ke8 33. Kg2 h5 34. Kf3 Rc8 35. Ra7 Rc6 36. Ke4 Bd8 37. Kd5 Re6 38. Bc5 g6 39. f4 1-0

[Event "World Junior U20 Girls 2018"]
[Site "Gebze"]
[Date "2018.09.10"]
[Round "6"]
[White "Lingur, Zalina"]
[Black "Vujcic, Milena"]
[Result "1-0"]
[ECO "C54"]
[WhiteElo "2061"]
[BlackElo "1955"]
[Annotator "NA"]
[PlyCount "99"]
[EventDate "2018.09.05"]
[EventType "swiss"]
[EventCountry "TUR"]
[SourceTitle "playchess.com"]
[Source "ChessBase"]
[SourceQuality "1"]
[TimeControl "40/5400+30:1800+30"]

1. e4 e5 2. Nf3 Nc6 3. Bc4 Bc5 4. c3 Nf6 5. d3 d6 6. O-O O-O 7. a4 a6 8. Nbd2 {[%emt 0:01:30] C54: Giuoco Piano: 4 c3 Nf6, main lines with 5 d4 and 5 d3} Ba7 9. Bb3 Ne7 10. h3 Ng6 11. Re1 h6 12. Nf1 c6 13. Ng3 d5 14. exd5 Nxd5 15. d4 exd4 16. Nxd4 {[%emt 0:00:30] [#]} Kh8 $146 ({Predecessor:} 16... Bb6 17. Bc4 Rb8 18. Qc2 Bxd4 19. cxd4 {½-½ (41) Svidler,P (2745)-Jakovenko,D (2714) Novosibirsk 2016}) 17. a5 Bb8 18. Ndf5 Be6 19. Qd4 Bxf5 20. Nxf5 Qf6 21. Qxf6 Nxf6 22. Be3 Ba7 $18 23. Bxa7 Rxa7 24. Rad1 Raa8 25. Nd6 Kg8 26. Rd4 c5 27. Rdd1 Rab8 28. Nc4 Rfd8 29. g3 Kf8 30. Kg2 Ne7 31. Ne5 Nfd5 32. Bc4 b5 33. Bxd5 Nxd5 34. Nc6 Rbc8 35. Nxd8 Rxd8 36. b3 Rd7 37. c4 bxc4 38. bxc4 Nf6 39. Rxd7 Nxd7 40. f4 Nb8 41. Re5 Nd7 42. Rd5 Ke7 43. Kf3 g6 44. g4 Ke6 45. f5+ Ke7 46. fxg6 fxg6 47. h4 Ke6 48. Kf4 Nf6 49. Rxc5 Kd6 50. Rc8 1-0

[Event "World Junior U20 Girls 2018"]
[Site "Gebze"]
[Date "2018.09.10"]
[Round "6"]
[White "Auvray, Honorine"]
[Black "Salah, Nadezhda"]
[Result "0-1"]
[ECO "A47"]
[WhiteElo "2050"]
[BlackElo "1918"]
[Annotator "NA"]
[PlyCount "58"]
[EventDate "2018.09.05"]
[EventType "swiss"]
[EventCountry "TUR"]
[SourceTitle "playchess.com"]
[Source "ChessBase"]
[SourceQuality "1"]
[TimeControl "40/5400+30:1800+30"]

1. d4 Nf6 2. Bf4 e6 3. e3 c5 4. c3 Be7 5. Nd2 b6 6. Ngf3 d6 7. Bd3 Nh5 {[%emt 0:07:30] [#]} (7... O-O $11) 8. Bg3 (8. Bxd6 $1 $16 Qxd6 9. Be4) 8... Nxg3 9. hxg3 h6 10. Qe2 Bb7 11. g4 Nd7 12. a4 a6 13. Ne4 c4 14. Bc2 $11 b5 15. g5 d5 16. Ned2 Bxg5 17. Nxg5 Qxg5 18. f4 Qe7 19. e4 b4 20. e5 b3 21. Bb1 a5 22. f5 O-O-O 23. Nxc4 dxc4 24. Qxc4+ Kb8 25. Qxb3 Qg5 26. Rg1 Qe3+ 27. Kf1 Ka7 28. Bc2 Rb8 29. Re1 Ba6+ 0-1

[Event "World Junior U20 Girls 2018"]
[Site "Gebze"]
[Date "2018.09.10"]
[Round "6"]
[White "Cramling Bellon, Anna"]
[Black "Duran, Esma Doga"]
[Result "1-0"]
[ECO "D60"]
[WhiteElo "2009"]
[BlackElo "1825"]
[Annotator "NA"]
[PlyCount "65"]
[EventDate "2018.09.05"]
[EventType "swiss"]
[EventCountry "TUR"]
[SourceTitle "playchess.com"]
[Source "ChessBase"]
[SourceQuality "1"]
[TimeControl "40/5400+30:1800+30"]

1. d4 d5 2. c4 c6 3. Nf3 Nf6 4. Nc3 e6 5. Bg5 Be7 6. e3 Nbd7 7. Bd3 dxc4 8. Bxc4 b5 9. Bd3 Bb7 10. O-O O-O 11. a4 {[%emt 0:01:30] D60: Queen's Gambit Declined: Classical: Unusual White 7th moves} (11. Rc1 a6 12. Ne4 Nxe4 13. Bxe7 Nxf2 14. Bxh7+ Kh8 15. Rxf2 Qxe7 16. Be4 Rac8 17. Ne5 Nxe5 18. Qh5+ {1-0 (18) Li,C (2732)-Bacrot,A (2192) chess.com INT 2018}) 11... b4 12. Ne4 $146 ({Predecessor:} 12. Bxf6 Bxf6 13. Ne4 Be7 14. Rc1 Rc8 15. Nc5 Nxc5 16. dxc5 Qa5 17. Nd4 Rfd8 18. Nb3 Qc7 {0-1 (49) Demel,P (2178)-Nuber,B (2349) Bayern 2014}) 12... Nxe4 13. Bxe7 Qxe7 14. Bxe4 f5 15. Bd3 c5 16. Bb5 Rfd8 17. Qe2 Rac8 18. Rac1 Nf6 19. h3 Ne4 20. Ba6 $11 Rd6 21. Bxb7 Qxb7 22. Rfd1 Rd5 23. Ne5 cxd4 24. exd4 Rdd8 25. Qe3 Qd5 26. Rxc8 Rxc8 27. Rc1 Rxc1+ 28. Qxc1 h6 29. Qc8+ Kh7 30. Nd7 Nd6 31. Qb8 h5 32. Qxa7 Qe4 33. Nf6+ 1-0

[Event "World Junior U20 Girls 2018"]
[Site "Gebze"]
[Date "2018.09.10"]
[Round "6"]
[White "Ayan, Bengu Sena"]
[Black "Sade, Defne"]
[Result "1-0"]
[ECO "E06"]
[WhiteElo "1976"]
[BlackElo "1826"]
[Annotator "NA"]
[PlyCount "65"]
[EventDate "2018.09.05"]
[EventType "swiss"]
[EventCountry "TUR"]
[SourceTitle "playchess.com"]
[Source "ChessBase"]
[SourceQuality "1"]
[TimeControl "40/5400+30:1800+30"]

1. d4 d5 2. c4 e6 3. Nf3 Nf6 4. g3 Be7 5. Bg2 O-O 6. Qc2 c5 7. cxd5 Nxd5 8. O-O Qb6 9. Rd1 ({White should try} 9. dxc5 $14 Qxc5 10. Qxc5 Bxc5 11. Nc3) 9... Nc6 $11 (9... cxd4 $15 10. Nxd4 Nb4) 10. e3 Rd8 11. Qe2 Bd7 12. e4 Nf6 13. d5 Nb4 14. Nc3 exd5 15. exd5 Bd6 16. a3 Re8 17. Be3 Na6 18. Qc2 Ng4 19. Re1 Nxe3 20. fxe3 c4 21. Ne4 Bc5 22. Nxc5 Nxc5 23. Qxc4 Nb3 24. Rad1 Rxe3 25. Kh1 Rc8 26. Qf4 Rce8 27. Rxe3 Qxe3 28. Qc7 Bh3 29. Qc2 Nd4 30. Nxd4 Qe1+ 31. Bf1 Qe3 32. Bxh3 Qg5 33. Bg2 1-0